 Dungeon Sprint DCSS version 0.29.1-1-gd02db6906a (console) character file.

Game seed: 7185294261494796944

2 erker the Sneak (level 1, -1/14 HPs)
             Began as a Gnoll Enchanter on Oct 14, 2022.
             Slain by a human (8 damage)
             ... in the Dungeon (Sprint III: "The Ten Rune Challenge").
             The game lasted 00:01:11 (157 turns).

erker the Sneak (Gnoll Enchanter)                    Turns: 157, Time: 00:01:11

Health: -1/14      AC:  2    Str:  7    XL:     1   Next: 40%
Magic:  6/6        EV: 13    Int: 14    God:
Gold:   0          SH:  0    Dex: 12    Spells: 10/10 levels left

rFire   . . .      SeeInvis .   a - +1 dagger
rCold   . . .      Faith    .   (no shield)
rNeg    . . .      Spirit   .   b - +0 robe
rPois   .          Reflect  .   (no helmet)
rElec   .          Harm     .   (no cloak)
rCorr   .          Rampage  .   (no gloves)
Will    .....      NoTele   +   (no boots)
Stlth   +++.......              (no amulet)
HPRegen 0.04/turn               (no ring)
MPRegen 0.10/turn               (no ring)

@: no status effects
A: fangs 1, strong nose, distributed training
a: no special abilities


You were in the Dungeon.
You visited 1 branch

Inventory:

Hand Weapons
 a - a +1 dagger (weapon)
Armour
 b - a +0 robe (worn)
Scrolls
 i - a scroll of blinking
Potions
 c - 2 potions of invisibility
 d - a potion of curing
 e - a potion of heal wounds
 f - a potion of haste
 g - 2 potions of magic
 h - a potion of berserk rage
 j - a potion of brilliance {unknown}


   Skills:
 + Level 0.6 Fighting
 + Level 2.5 Short Blades
 + Level 0.6 Long Blades
 + Level 0.6 Axes
 + Level 0.6 Maces & Flails
 + Level 0.6 Polearms
 + Level 0.6 Staves
 + Level 0.6 Ranged Weapons
 + Level 0.6 Throwing
 + Level 0.6 Armour
 + Level 4.5 Dodging
 + Level 5.9 Stealth
 + Level 0.6 Shields
 + Level 0.6 Unarmed Combat
 + Level 5.0 Spellcasting
 + Level 0.4 Conjurations
 + Level 5.4 Hexes
 + Level 0.4 Summonings
 + Level 0.4 Necromancy
 + Level 0.4 Translocations
 + Level 0.4 Transmutations
 + Level 0.4 Fire Magic
 + Level 0.4 Ice Magic
 + Level 0.4 Air Magic
 + Level 0.4 Earth Magic
 + Level 0.4 Poison Magic
 + Level 0.8 Invocations
 + Level 0.6 Evocations


You had 10 spell levels left.
You didn't know any spells.
Your spell library contained the following spells:

 Spells                   Type           Power      Damage    Failure   Level
 Confusing Touch          Hex            18%        N/A       6%          3
 Tukima's Dance           Hex            18%        N/A       6%          3
 Ensorcelled Hibernation  Hex/Ice        22%        N/A       8%          2
 Dazzling Flash           Conj/Hex       22%        N/A       16%         3


Dungeon Overview and Level Annotations

Branches:
Dungeon (1/1)

Altars:


Innate Abilities, Weirdness & Mutations

You have very sharp teeth.
Your uncanny sense of smell can sniff out nearby items.
Your experience applies equally to all skills.


Message History

The human hits you.
You closely miss the human.
The human is moderately wounded.
You barely miss the human.
The human is moderately wounded.
The human looks more healthy.
The human misses you.
You barely miss the human. You punch the human.
The human is heavily wounded.
The human closely misses you.
You barely miss the human.
The human is heavily wounded.
The human closely misses you.
You hit the human.
The human is heavily wounded.
The human hits you.
You closely miss the human.
The human is heavily wounded.
The human closely misses you.
You barely miss the human. You bite the human, but do no damage.
The human is heavily wounded.
The human completely misses you.
You hit the human. Your bite misses the human.
The human is heavily wounded.
The human completely misses you.
You hit the human.
The human is severely wounded.
The human misses you.
You hit the human.
The human is severely wounded.
You barely miss the human.
The human is severely wounded.
The human hits you.
You completely miss the human.
The human is severely wounded.
The human misses you.
You hit the human.
The human is severely wounded.
The human hits you!
Ouch! That really hurt!
You die...

▓.....#....~.♣♣
▓.....#...~~♣.♣
▓.....#..~~~~♣♣.
▓####'#..~≈≈~~~♣
▓.....#.~~≈~~~..
▓.†...#.~≈~~~...
▓.....#.~~~.....
▓'#####....(..((
▓...@p.....(....
▓▓▓▓▓▓▓▓▓▓▓▓▓▓▓▓
∆


You could see a human.

Vanquished Creatures
  4 rats (D)
4 creatures vanquished.

Notes
Turn   | Place    | Note
-------+----------+-------------------------------------------
     0 | D        | erker the Gnoll Enchanter began the quest for the Orb.
     0 | D        | Reached XP level 1. HP: 13/13 MP: 6/6
   118 | D        | Reached skill level 5 in Spellcasting
   157 | D        | Slain by a human

Illustrated notes

Levels and vault maps discovered:
D:        dungeon_sprint_mu [sprint_mu_entry_forest, sprint_mu_temple_rooms,
          sprint_mu_d1_spiders, sprint_mu_d2_genie, sprint_mu_d3_branching,
          sprint_mu_orc_legion, sprint_mu_elf_gauntlet, sprint_mu_hive_nellie,
          sprint_mu_lair_fedhas, sprint_mu_vaults_butterflies,
          sprint_mu_slime_circle, sprint_mu_shoals_archi,
          sprint_mu_snake_twists, sprint_mu_blade_basic, sprint_mu_crypt_lich,
          sprint_mu_tomb_spiral, sprint_mu_vestibule_basic,
          sprint_mu_gehenna_hellfire, sprint_mu_dis_giant,
          sprint_mu_tartarus_statrot, sprint_mu_cocytus_islands, sprint_mu_zot1]

Skill      XL: |  1 |
---------------+----+-----
Spellcasting   | 5 |  5.0
Fighting       | |  0.6
Short Blades   | |  2.5
Long Blades    | |  0.6
Axes           | |  0.6
Maces & Flails | |  0.6
Polearms       | |  0.6
Staves         | |  0.6
Ranged Weapons | |  0.6
Throwing       | |  0.6
Armour         | |  0.6
Dodging        | |  4.5
Stealth        | |  5.9
Shields        | |  0.6
Unarmed Combat | |  0.6
Conjurations   | |  0.4
Hexes          | |  5.4
Summonings     | |  0.4
Necromancy     | |  0.4
Translocations | |  0.4
Transmutations | |  0.4
Fire Magic     | |  0.4
Ice Magic      | |  0.4
Air Magic      | |  0.4
Earth Magic    | |  0.4
Poison Magic   | |  0.4
Invocations    | |  0.8
Evocations     | |  0.6

Action                   || total
-------------------------++-------
Melee: Dagger            ||    21
       Punch             ||     1
       Bite              ||     1
Throw: Dart              ||     6
 Stab: Sleeping          ||     2
Armor: Robe              ||     1
Dodge: Dodged            ||     9
